 Dungeon Sprint DCSS version 0.27.0-1-g7a089689b8 (webtiles) character file.

Game seed: 4639811577607533476

95 mainiacjoe the Carver (level 4, -5/45 HPs)
             Began as a Minotaur Monk on Aug 17, 2021.
             Was a Believer of Okawaru.
             Slain by a hornet (8 damage)
             ... in the Dungeon (Sprint IX: "|||||||||||||||||||||||||||||").
             The game lasted 00:01:46 (390 turns).

mainiacjoe the Carver (Minotaur Monk)                Turns: 390, Time: 00:01:48

Health: -5/45      AC: 10    Str: 17    XL:     4   Next: 39%
Magic:  2/4        EV: 11    Int:  7    God:    Okawaru [**....]
Gold:   0          SH:  0    Dex: 15    Spells: 3/3 levels left

rFire    . . .     SeeInvis .   a - +2 scimitar (flame)
rCold    . . .     Faith    .   (no shield)
rNeg     . . .     Spirit   .   l - +1 scale mail
rPois    .         Reflect  .   (helmet restricted)
rElec    .         Harm     .   (no cloak)
rCorr    .         Rampage  .   (no gloves)
Will     .....     NoTele   +   k - +0 pair of boots
Stlth    +.........             (no amulet)
HPRegen  0.15/turn              m - +2 ring of protection
MPRegen  0.09/turn              n - +3 ring of dexterity

@: lethally poisoned (-5 -> -13), slowed, very slow
A: horns 2, retaliatory headbutt
a: Renounce Religion, Heroism


You were in the Dungeon.
You worshipped Okawaru.
Okawaru was pleased with you.
You visited 1 branch

Inventory:

Hand Weapons
 a - a +2 scimitar of flaming (weapon)
Armour
 b - a +0 robe
 k - a +0 pair of boots (worn)
 l - a +1 scale mail (worn)
Jewellery
 m - a +2 ring of protection (left hand)
 n - a +3 ring of dexterity (right hand)
Wands
 j - a wand of iceblast (10)
Scrolls
 h - 2 scrolls of blinking
Potions
 c - 4 potions of curing
 d - a potion of invisibility
 e - a potion of haste
 f - 4 potions of magic
 g - a potion of berserk rage
 i - 2 potions of heal wounds


   Skills:
 + Level 6.7 Fighting
 * Level 8.6 Long Blades
 - Level 3.8 Dodging
 - Level 2.2 Stealth
 + Level 2.0 Invocations


You had 3 spell levels left.
You didn't know any spells.
Your spell library was empty.

Dungeon Overview and Level Annotations

Branches:
Dungeon (1/1)

Altars:
Cheibriados
Dithmenos
Elyvilon
Fedhas
Gozag
Hepliaklqana
Kikubaaqudgha
Makhleb
Nemelex Xobeh
Okawaru
Qazlal
Ru
Sif Muna
Trog
Uskayaw
Vehumet
Wu Jian
Xom
Yredelemnul
Zin
The Shining One
Beogh
Jiyva
Lugonu


Innate Abilities, Weirdness & Mutations

You have a pair of horns on your head.
You reflexively headbutt those who attack you in melee.


Message History

You kill the howler monkey!
Okawaru is honoured by your kill. The hornet stings you!
You feel yourself slow down.
Your Long Blades skill increases to level 8!
Your Invocations skill gained 2 levels and is now at level 2!
You have reached level 4!
You feel stronger.
You hit the hornet. You burn the hornet.
You headbutt the hornet, but do no damage.
The hornet is lightly wounded.
The hornet stings you!
You are poisoned.
You feel as though you will be slow longer.
The hornet misses you. You furiously retaliate!
You headbutt the hornet!
You are too injured to fight recklessly!
You are too injured to fight recklessly!
You are too injured to fight recklessly!
Unknown command.
You feel better. The hornet stings you!
You feel as though you will be slow longer.
The hornet closely misses you.
You hit the hornet. You burn the hornet.
The hornet is heavily wounded.
The hornet stings you.
You suddenly lose the ability to move!
The hornet stings you but does no damage.
You can move again.
You hit the hornet but do no damage.
The hornet is heavily wounded.
The hornet stings you.
* * * LOW HITPOINT WARNING * * *
You feel as though you will be slow longer.
The hornet stings you but does no damage.
You slash the hornet! You burn the hornet.
The hornet is severely wounded.
The hornet stings you!
* * * LOW HITPOINT WARNING * * *
You are lethally poisoned!
You feel as though you will be slow longer.
The hornet stings you!
You die...

▓.▓
▓?▓
▓)▓
▓.▓
▓.▓
▓[▓
▓.▓
▓.▓
▓@▓
▓y▓
▓y▓
▓c▓
▓{▓
▓Z▓
▓.▓
▓.▓


You could see a hornet, a vampire mosquito, a centaur and a ball python zombie.

Vanquished Creatures
  A howler monkey (D)
  A gnoll shaman (D)
  A gnoll (D)
  An ufetubus (D)
  An adder zombie (D)
  A dart slug (D)
  An endoplasm (D)
  2 goblins (D)
  2 rats (D)
11 creatures vanquished.

Notes
Turn   | Place    | Note
-------+----------+-------------------------------------------
     0 | D        | mainiacjoe the Minotaur Monk began the quest for the Orb.
     0 | D        | Reached XP level 1. HP: 19/19 MP: 0/0
    10 | D        | Reached skill level 4 in Long Blades
    36 | D        | Noticed a gnoll shaman
    40 | D        | Reached skill level 5 in Long Blades
    40 | D        | Reached XP level 2. HP: 28/28 MP: 1/1
    48 | D        | Reached skill level 5 in Fighting
    48 | D        | Reached skill level 7 in Long Blades
    48 | D        | Reached XP level 3. HP: 9/37 MP: 2/2
   320 | D        | Found a snail-covered altar of Cheibriados.
   320 | D        | Found a shadowy altar of Dithmenos.
   320 | D        | Found a white marble altar of Elyvilon.
   320 | D        | Found a blossoming altar of Fedhas.
   320 | D        | Found an opulent altar of Gozag.
   321 | D        | Found a hazy altar of Hepliaklqana.
   322 | D        | Found a viscous altar of Jiyva.
   323 | D        | Found an ancient bone altar of Kikubaaqudgha.
   324 | D        | Found a corrupted altar of Lugonu.
   325 | D        | Found a burning altar of Makhleb.
   326 | D        | Found a sparkling altar of Nemelex Xobeh.
   327 | D        | Found an iron altar of Okawaru.
   328 | D        | Found a stormy altar of Qazlal.
   329 | D        | Found a sacrificial altar of Ru.
   330 | D        | Found a shimmering blue altar of Sif Muna.
   331 | D        | Found a bloodstained altar of Trog.
   332 | D        | Found a hide-covered altar of Uskayaw.
   333 | D        | Found a radiant altar of Vehumet.
   334 | D        | Found an ornate altar of the Wu Jian Council.
   335 | D        | Became a worshipper of Warmaster Okawaru
   335 | D        | Reached * piety under Okawaru
   335 | D        | Reached ** piety under Okawaru
   336 | D        | Found a shimmering altar of Xom.
   337 | D        | Found a basalt altar of Yredelemnul.
   338 | D        | Found a glowing silver altar of Zin.
   339 | D        | Found a glowing golden altar of the Shining One.
   382 | D        | Noticed a hornet
   382 | D        | Noticed a vampire mosquito
   382 | D        | Noticed a centaur
   382 | D        | Noticed a vampire
   386 | D        | Reached skill level 8 in Long Blades
   386 | D        | Reached XP level 4. HP: 30/45 MP: 2/4
   388 | D        | Paralysed by a hornet for 1 turns
   390 | D        | Slain by a hornet

Illustrated notes

Levels and vault maps discovered:
D:        linesprint [early_d, line_temple, items_1, d_10, items_2, lair_1,
          lair_end, items_3, orc_1, orc_end, items_4, d_15, swamp_1, shoals_1,
          snake_1, spider_1, d_20, vaults_1, items_5, swamp_end, shoals_end,
          snake_end, spider_end, vaults_end, d_27, items_6, zot_1, zot_end,
          crypt_end, forest_end, elf_end, slime_end, tomb_end, abyss_end,
          pan_hell_end]

Skill      XL: |  1  2  3 |
---------------+----------+-----
Fighting       | 4 5 6 |  6.7
Long Blades    | 5 7 8 |  8.6
Stealth        | 2 |  2.2
Invocations    | 2 |  2.0
Dodging        | |  3.8

Action                   |  1- 3 |  4- 6 || total
-------------------------+-------+-------++-------
Melee: Falchion          |    22 |       ||    22
       Headbutt          |     8 |     1 ||     9
       Scimitar          |     3 |     4 ||     7
  Use: Potion            |     1 |     1 ||     2
Armor: Robe              |     2 |       ||     2
       Scale mail        |     1 |     2 ||     3
Dodge: Dodged            |    11 |     2 ||    13
       Rpst.: Falchion   |     3 |       ||     3
